 Dungeon Crawl Stone Soup version 0.30-a0-782-ge64f9170bb (webtiles) character file.

Game seed: 4193456448481531671

4319 N1x1T4 the Digger (level 10, -3/67 (69) HPs)
             Began as a Red Draconian Earth Elementalist on Feb 21, 2023.
             Was a Follower of Qazlal.
             Slain by a wight
             ... wielding a +0 battleaxe
              (5 damage)
             ... on level 8 of the Dungeon.
             The game lasted 00:50:47 (7012 turns).

N1x1T4 the Digger (DrEE)                            Turns: 7012, Time: 00:50:48

HP:   -3/67 (69)    AC:  9    Str: 14    XL:     10   Next: 11%
MP:   19/19         EV: 24    Int: 17    God:    Qazlal [*.....]
Gold: 343           SH:  1    Dex: 11    Spells: 16/21 levels left

rFire   + . .      SeeInvis +    C - +7 spear "Newt's Curse" {heavy, rElec rC- SInv Stlth+}
rCold   x . .      Faith    .    (no shield)
rNeg    . . .      Spirit   .    (body armour unavailable)
rPois   .          Reflect  .    b - +2 hat {SInv}
rElec   +          Harm     .    (no cloak)
rCorr   .          Rampage  .    (no gloves)
Will    .....                    (no boots)
Stlth   ++++                     (no amulet)
HPRegen 0.31/turn                i - +5 ring of evasion
MPRegen 0.16/turn                o - +5 ring of evasion

@: about to teleport, short of breath, lightly drained
A: breathe fire, AC +7, unfitting armour, fire resistance 1, cold-blooded,
passive freeze
a: Breathe Fire, Renounce Religion


You were on level 8 of the Dungeon.
You worshipped Qazlal.
Qazlal was aware of your devotion.
You visited 1 branch of the dungeon, and saw 8 of its levels.

You collected 343 gold pieces.

Inventory:

Hand Weapons
 d - a +1 dagger
 q - a +1 sling of flaming
 t - a +5 dagger of electrocution
 w - a +4 scimitar of flaming
 z - a +0 whip of distortion
 A - a +2 whip of flaming
 C - the +7 spear "Newt's Curse" (weapon) {heavy, rElec rC- SInv Stlth+}
   (You found it on level 5 of the Dungeon)

   rC:        It makes you vulnerable to cold.
   rElec:     It insulates you from electricity.
   SInv:      It lets you see invisible.
   Stlth:     It makes you more stealthy.
Missiles
 y - 8 javelins
Armour
 b - a +2 hat of see invisible (worn)
 E - an orb of mayhem
Jewellery
 i - a +5 ring of evasion (left hand)
 j - a ring of protection from cold
 l - a +4 ring of slaying
 o - a +5 ring of evasion (right hand)
 p - a ring of wizardry
 r - a ring of see invisible
 s - a ring of protection from fire
Wands
 B - a wand of mindburst (11)
 I - a wand of flame (15)
 K - a wand of digging (4)
Scrolls
 c - 2 scrolls of noise
 e - 3 scrolls of enchant weapon
 f - a scroll of silence
 m - 2 scrolls of torment
 D - 2 scrolls of vulnerability {unknown}
 G - a scroll of amnesia {unknown}
 H - a scroll of enchant armour
Potions
 a - a potion of magic
 g - a potion of mutation
 h - 3 potions of brilliance
 k - 3 potions of might
 n - 2 potions of cancellation
 u - a potion of resistance
 v - a potion of curing {unknown}
 x - a potion of invisibility {unknown}
 F - 2 potions of attraction {unknown}


   Skills:
 + Level 6.2 Dodging
 + Level 6.8 Stealth
 + Level 6.3 Spellcasting
 + Level 6.6 Transmutations
 + Level 7.2 Earth Magic


You had 16 spell levels left.
You knew the following spells:

 Your Spells              Type           Power      Damage    Failure   Level
a - Sandblast             Erth           60%        2d14      1%          1
b - Summon Small Mammal   Summ           20%        N/A       12%         1
c - Stone Arrow           Conj/Erth      34%        3d9       9%          3

Your spell library contained the following spells:

 Spells                   Type           Power      Damage    Failure   Level
 Passwall                 Tmut/Erth      24%        N/A       1%          2
 Petrify                  Tmut/Erth      29%        N/A       7%          4
 Slow                     Hex            20%        N/A       12%         1
 Call Canine Familiar     Summ           5%         N/A       36%         3
 Confusing Touch          Hex            5%         N/A       36%         3
 Summon Guardian Golem    Hex/Summ       5%         N/A       36%         3
 Vampiric Draining        Necr           5%         2d6       36%         3


Dungeon Overview and Level Annotations

Branches:
Dungeon (8/15)             Temple (0/1) D:7            Lair (0/5) D:8

Altars:
Cheibriados
Fedhas
Hepliaklqana
Okawaru
Qazlal
Sif Muna

Annotations:
D:5 1 transporter, greenbourne's ghost, novice OpCj


Innate Abilities, Weirdness & Mutations

You can breathe blasts of fire.
Your fiery red scales are hard. (AC +7)
You cannot fit into any form of body armour.
Your flesh is heat resistant. (rF+)
You are cold-blooded and may be slowed by cold attacks.
A frigid envelope surrounds you and freezes all who hurt you.


Message History

The orc warrior barely misses you.
The orc warrior hits you with a +0 war axe!
The wight barely misses you.
Press: ? - help, v - describe, . - travel, g - get item
Here: an orc warrior, wielding a +0 war axe and wearing a +0 chain mail (heavily wounded)
Items here: a +0 dagger; a curare-tipped dart.
The floor.
The wight attacks as you move away! The wight misses you.
The orc warrior attacks as you move away!
The orc warrior hits you with a +0 war axe!
* * * LOW HITPOINT WARNING * * *
The orc warrior is very cold.
The orc warrior is severely wounded.
As you read the scroll of teleportation, it crumbles to dust.
You feel strangely unstable.
You hear the rapid hiss of an avalanche of sand nearby.
The wight hits you with a +0 battleaxe!
* * * LOW HITPOINT WARNING * * *
You feel drained.
* * * LOW HITPOINT WARNING * * *
The wight resists.
The wight is very cold.
The wight is lightly damaged.
The orc warrior misses you. The wight attacks as you move away!
The wight completely misses you.
The orc warrior attacks as you move away!
The orc warrior hits you but does no damage.
The orc warrior is very cold.
The orc warrior is almost dead.
You closely miss the orc warrior.
The orc warrior is almost dead.
The wight misses you.
The orc warrior is engulfed in freezing vapours.
You kill the orc warrior!
Qazlal accepts your kill. The wight misses you.
Your life force feels restored.
The wight attacks as you move away! The wight hits you with a +0 battleaxe!
* * * LOW HITPOINT WARNING * * *
You feel drained.
You die...

.#....P..#..........##........
.........................#...#
#.............$........#..#..#
#.....>.................#....##
##.........................#..#
..........†).............###.#
# #..P..P.#................###.
..
#....P..#..z○[..>........####
... ##.....####.@.............#
#
#...###...######.°............#
#...........###.........†...#
##........(..###...>.......####
##...#..##..............†.#...
##.##..####...............### #
#.##..## ##.....#.....#.## # ##
###.##...#####....######..# #
.#.#...................####.##
##


You could see a wight.

Vanquished Creatures
  Gastronok (D:8)
  Erica (D:8)
  Pikel (D:5)
  Prince Ribbit (D:5)
  A steam dragon (D:8)
  Duvessa (D:7)
  2 black bears (D:8)
  2 orc warriors
  An ice beast (D:7)
  3 phantoms
  3 kobold brigands
  Blork the orc (D:5)
  2 bullfrogs
  2 necrophages
  Dowan (D:7)
  4 hounds
  2 orc priests
  A gnoll bouda (D:6)
  An iron imp (D:6)
  3 iguanas
  2 orc wizards (D:6)
  13 gnolls
  5 adders
  A white imp (D:6)
  6 worms
  2 dart slugs
  11 orcs
  6 ball pythons
  6 bats
  4 endoplasms
  3 giant cockroaches
  6 goblins
  4 hobgoblins
  A jackal (D:5)
  13 kobolds
  2 quokkas (D:1)
  6 frilled lizards
  5 rats
130 creatures vanquished.

Vanquished Creatures (others)
  A komodo dragon (D:8)
  A yak (D:8)
  A bullfrog (D:8)
  2 orcs (D:8)
  A kobold (D:7)
  A fungus (D:8)
7 creatures vanquished.

Grand Total: 137 creatures vanquished

Notes
Turn   | Place    | Note
-------+----------+-------------------------------------------
     0 | D:1      | N1x1T4 the Draconian Earth Elementalist began the quest for
                  | the Orb.
     0 | D:1      | Reached XP level 1. HP: 14/14 MP: 3/3
   217 | D:1      | Reached XP level 2. HP: 20/20 MP: 1/5
   630 | D:2      | Reached XP level 3. HP: 26/26 MP: 4/6
  1223 | D:2      | Found a snail-covered altar of Cheibriados.
  1242 | D:2      | Reached XP level 4. HP: 26/33 MP: 3/7
  1994 | D:3      | Reached XP level 5. HP: 38/38 MP: 6/9
  2366 | D:4      | Found a stormy altar of Qazlal.
  2374 | D:4      | Became a worshipper of Qazlal Stormbringer
  2827 | D:4      | Noticed a phantom
  2838 | D:4      | Killed a phantom
  2912 | D:4      | Reached skill level 4 in Earth Magic
  2912 | D:4      | Reached XP level 6. HP: 42/45 MP: 2/10
  3307 | D:4      | Found a shimmering blue altar of Sif Muna.
  3681 | D:4      | Found a blossoming altar of Fedhas.
  3760 | D:5      | Entered Level 5 of the Dungeon
  3762 | D:5      | Found a transporter.
  3766 | D:5      | Noticed Pikel
  3790 | D:5      | Killed Pikel
  3791 | D:5      | Your scales start taking on a fiery red colour.
  3791 | D:5      | Reached XP level 7. HP: 30/50 MP: 5/13
  3791 | D:5      | Gained mutation: Your flesh is heat resistant. (rF+) [Red
                  | Draconian growth]
  3796 | D:5      | Gained mutation: A frigid envelope surrounds you and
                  | freezes all who hurt you. [mutagenic glow]
  3797 | D:5      | Noticed greenbourne's ghost (novice OpCj)
  3886 | D:5      | Noticed Prince Ribbit
  3891 | D:5      | Killed Prince Ribbit
  3892 | D:5      | Reached skill level 5 in Earth Magic
  3892 | D:5      | Reached XP level 8. HP: 50/57 MP: 11/14
  4405 | D:5      | Identified the +7 spear "Newt's Curse" {heavy, rElec rC-
                  | SInv Stlth+}
  4443 | D:5      | Noticed Blork the orc
  4448 | D:5      | Killed Blork the orc
  4568 | D:6      | Found a snail-covered altar of Cheibriados.
  4728 | D:6      | Reached skill level 5 in Stealth
  5071 | D:6      | Reached skill level 5 in Transmutations
  5073 | D:6      | Learned a level 1 spell: Summon Small Mammal
  5195 | D:6      | Reached * piety under Qazlal
  5525 | D:7      | Reached skill level 5 in Spellcasting
  5668 | D:7      | Reached skill level 5 in Dodging
  5689 | D:7      | Noticed Duvessa
  5691 | D:7      | Noticed Dowan
  5707 | D:7      | Killed Duvessa
  5708 | D:7      | Reached skill level 6 in Earth Magic
  5708 | D:7      | Reached XP level 9. HP: 5/62 MP: 14/16
  5716 | D:7      | Killed Dowan
  5881 | D:7      | Found a hazy altar of Hepliaklqana.
  5915 | D:7      | Found an iron altar of Okawaru.
  6220 | D:7      | Found a staircase to the Ecumenical Temple.
  6390 | D:8      | Noticed an elephant
  6411 | D:8      | Noticed Gastronok
  6444 | D:8      | Killed Gastronok
  6643 | D:8      | Noticed Erica
  6667 | D:8      | Killed Erica
  6668 | D:8      | Reached skill level 7 in Earth Magic
  6677 | D:8      | Learned a level 3 spell: Stone Arrow
  6866 | D:8      | Reached XP level 10. HP: 61/69 MP: 17/19
  6992 | D:8      | Found a staircase to the Lair.
  7012 | D:8      | HP: 2/69 [wight/+0 battleaxe (11)]
  7012 | D:8      | Slain by a wight

Illustrated notes

Levels and vault maps discovered:
D:1:      dpeg_arrival_pits, layout_basic, st_stairs_12
D:2:      layout_rooms, serial_aquarium, aquarium_bridge_long_joined
          [aquarium_subvault_window, aquarium_subvault_balcony,
          aquarium_subvault_bridge, aquarium_subvault_window,
          aquarium_subvault_window, aquarium_subvault_bridge],
          aquarium_window_2, aquarium_window_fake, aquarium_window_3,
          aquarium_view_2g, aquarium_view_2a, aquarium_pool_side, basic_altar
D:3:      layout_loops_ring, nicolae_overflow_hidden_temple
D:4:      nicolae_BIG_FREAKIN_CUBE, layout_basic,
          mainiacjoe_overflow_surrounded_room, nicolae_sif_muna_condensation,
          fedhas_altar_fruit_tree, st_stairs_5
D:5:      layout_loops_ring, gammafunk_ghost_smash, kennysheep_generic_room_12,
          uniq_prince_ribbit1, uniq_pikel, uniq_blork_the_orc
D:6:      layout_loops_ring, slow_altar_1, minmay_door_square
D:7:      layout_cave_pools, mainiacjoe_overflow_alcove_2, lemuel_doored_altar,
          minmay_temple_entry_statues_fountains, uniq_duvessa
D:8:      layout_layer_cave, xom_confusion_cloud, david_lair_generic,
          chequers_ossuary_entry_cave, hangedman_decor_clover_reticule,
          uniq_gastronok, uniq_erica

Skill      XL: |  1  2  3  4  5  6  7  8  9 |
---------------+----------------------------+-----
Stealth        | 2 3 4 5 6 |  6.8
Dodging        | 2 3 4 5 6 |  6.2
Transmutations | 2 3 4 5 6 |  6.6
Spellcasting   | 3 4 5 6 |  6.3
Earth Magic    | 4 5 6 7 |  7.2

Action                     |  1- 3 |  4- 6 |  7- 9 | 10-12 || total
---------------------------+-------+-------+-------+-------++-------
  Melee: Dagger            |    31 |    30 |       |       ||    61
         Tailslap          |     4 |     5 |     6 |       ||    15
         Punch             |       |     3 |       |       ||     3
         Whip              |       |    12 |     7 |       ||    19
         Spear             |       |       |    47 |     4 ||    51
  Throw: Stone             |       |    14 |       |       ||    14
   Cast: Sandblast         |    55 |    95 |    88 |     7 ||   245
         Summon Small Mamm |       |       |    10 |       ||    10
Ability: Breathe Fire      |       |       |    10 |     2 ||    12
  Evoke: Wand              |       |       |     6 |       ||     6
    Use: Scroll            |     2 |       |    13 |     1 ||    16
         Potion            |       |     1 |     4 |       ||     5
   Stab: Sleeping          |     1 |       |       |       ||     1
 Armour: Skin              |    14 |    14 |    17 |     2 ||    47
  Dodge: Dodged            |    79 |   144 |   141 |    29 ||   393
  Block: Other             |       |       |     2 |     1 ||     3
         Orb               |       |       |     1 |       ||     1

Table legend: (Time is in decaauts)
 A = Elapsed time spent in this place.
 B = Non-inter-level travel time spent in this place.
 C = Inter-level travel time spent in this place.
 D = Time resting spent in this place.
 E = Time spent auto-exploring this place.
 F = Levels seen in this place.
 G = Mean time per level.
                   A        B        C        D        E       F      G
               +--------+--------+--------+--------+--------+-----+--------+
         Total |   7176 |   7176 |      0 |    410 |   4200 |   8 |  897.0 |
       Dungeon |   7176 |   7176 |      0 |    410 |   4200 |   8 |  897.0 |
               +--------+--------+--------+--------+--------+-----+--------+

Top non-repeatable levels by time:
     D:3: 1235 daAuts
     D:4: 1176 daAuts
     D:6: 991 daAuts
     D:7: 886 daAuts
     D:5: 809 daAuts
     D:2: 751 daAuts
     D:8: 664 daAuts
     D:1: 660 daAuts
